Map: Terrenos sagrados

Players

MrFercho - Winner!

  • Race: Zerg Zerg
  • Spawn Location: 6:00

tigro

  • Race: Terran Terran
  • Spawn Location: 12:00

VOD

Have the link to the VOD?

Description

Time

  • Played on: April 3, 2020, 9:03 p.m.
  • Length: 21:48
Show
View Real Time Build Order
Export as new Build Order

MrFercho Zerg - Winner!

Build Orders: 3 Hatch before Pool 

Get SALT Encoding   

  13  0:07  Drone  
  13  0:20  Overlord  
  13  0:22  Drone  
  14  0:55  Hatchery, Drone x2  
  15  0:57  Drone  
  16  1:24  Drone x2  
  18  1:37  Extractor  
  17  1:42  Extractor, Drone x2  
  18  1:51  Hatchery  
  17  2:08  Drone x3  
  20  2:33  Drone x2  
  20  2:34  Drone  
  20  2:35  Overlord  
  24  2:58  Drone x3  
  24  2:59  Drone x2  
  28  3:11  Drone x3  
  28  3:12  Drone  
  32  3:29  Spawning Pool  
  32  3:31  Evolution Chamber x2  
  32  3:33  Overlord x2  
  29  3:34  Overlord  
  29  3:36  Drone x3  
  29  3:39  Evolution Chamber  
  31  3:48  Pneumatized Carapace  
  31  3:49  Burrow  
  31  4:07  Zerg Melee Weapons Level 1  
  31  4:08  Zerg Missile Weapons Level 1  
  31  4:15  Drone x6  
  31  4:16  Drone x3  
  40  4:28  Extractor x2  
  40  4:29  Metabolic Boost  
  38  4:39  Lair  
  38  4:47  Zergling x2  
  38  4:48  Zergling x10  
  44  5:12  Zergling x2  
  44  5:13  Zergling x8  
  49  5:14  Zergling x2  
  49  5:15  Zergling x6  
  53  5:32  Roach Warren  
  52  5:43  Baneling Nest  
  51  5:55  Zerg Ground Armor Level 1  
  51  6:01  Drone x7  
  51  6:02  Drone x2  
  60  6:33  Infestation Pit  
  60  6:35  Nydus Network  
  60  6:39  Spire  
  57  6:42  Spire  
  57  6:43  Hydralisk Den  
  55  6:47  Hydralisk Den  
  54  6:55  Infestation Pit  
  53  7:02  Hatchery  
  53  7:06  Hatchery  
  41  7:16  Zergling x2  
  41  7:17  Zergling x16  
  41  7:22  Overseer  
  45  7:39  Overlord  
  45  7:40  Overlord  
  45  7:41  Overlord  
  45  7:46  Hive  
  45  7:49  Queen x2  
  42  8:53  Nydus Canal  
  41  9:13  Zergling x12  
  41  9:14  Zergling x2, Roach x2  
  51  9:18  Adrenal Glands  
  51  9:19  Zerg Melee Weapons Level 2  
  51  9:20  Zerg Ground Armor Level 2  
  51  9:22  Zerg Missile Weapons Level 2  
  51  9:43  Hydralisk x5  
  51  9:44  Hydralisk  
  51  9:45  Zergling x2  
  64  9:50  Roach  
  52  10:49  Hydralisk x5  
  52  10:50  Hydralisk  
  52  10:51  Zergling x8  
  52  10:52  Zergling x6  
  52  10:55  Roach  
  65  12:06  Nydus Canal  
  65  12:11  Ravager x2  
  67  12:18  Zerg Missile Weapons Level 3, Zerg Melee Weapons Level 3, Zerg Ground Armor Level 3  
  67  12:21  Glial Reconstitution  
  67  12:23  Centrifical Hooks  
  67  12:30  Zerg Flyer Armor Level 1, Zerg Flyer Weapons Level 1  
  67  12:39  Drone  
  67  12:40  Drone x3  
  71  13:22  Ultralisk Cavern  
  70  13:29  Lurker Den  
  69  13:39  Tunneling Claws  
  69  13:59  Roach x4  
  69  14:00  Roach x2  
  69  14:02  Hydralisk x5  
  83  14:03  Hydralisk x4  
  99  14:16  Grooved Spines  
  99  14:18  Chitinous Plating  
  99  14:27  Overlord  
  99  14:28  Overlord  
  99  14:39  Seismic Spines  
  93  15:27  Muscular Augments  
  88  15:48  Lurker x5  
  93  15:53  Drone x3  
  93  15:54  Drone x12  
  89  16:57  Ultralisk x2  
  89  16:58  Ultralisk x2  
  113  17:01  Overlord  
  113  17:02  Overlord x8  
  113  17:11  Nydus Canal  
  113  19:20  Extractor  
  113  19:22  Extractor  
  111  19:25  Extractor  
  111  19:29  Extractor  
  109  21:11  Zergling x26  
  110  21:12  Zergling x4  
Show
View Real Time Build Order
Export as new Build Order

tigro Terran 

Build Orders:  

Get SALT Encoding   

  12  0:03  SCV  
  13  0:16  Supply Depot  
  13  0:18  SCV  
  14  0:30  SCV  
  15  0:48  SCV  
  16  0:50  Barracks  
  16  1:00  SCV  
  16  1:03  Refinery  
  17  1:12  SCV  
  17  1:15  Supply Depot  
  18  1:24  SCV  
  19  1:26  Refinery  
  19  1:38  Marine  
  20  1:49  Barracks  
  20  1:56  Marine  
  21  2:01  Engineering Bay  
  21  2:03  SCV  
  22  2:13  Marine  
  24  2:15  SCV  
  24  2:27  SCV  
  25  2:31  Marine  
  26  2:39  SCV  
  27  2:49  Marine  
  27  2:50  Barracks Tech Lab  
  28  2:57  Missile Turret  
  28  3:01  Factory  
  28  3:07  Orbital Command  
  28  3:14  Barracks Tech Lab  
  28  3:17  Marauder  
  30  3:21  Combat Shield  
  30  3:38  Stimpack  
  30  3:47  Marauder  
  32  3:53  Factory Tech Lab  
  32  3:56  Supply Depot  
  32  4:05  Factory  
  32  4:08  Marauder  
  34  4:15  Siege Tank  
  37  4:32  Missile Turret  
  37  4:40  Marauder  
  39  4:46  Marine  
  40  5:00  Marine  
  41  5:19  Marauder  
  43  5:40  Marine  
  43  5:41  Factory Tech Lab  
  44  5:47  Armory  
  44  5:52  Siege Tank  
  44  5:53  Missile Turret  
  47  6:08  Marauder, Siege Tank  
  52  6:36  Command Center  
  52  7:03  Terran Vehicle Weapons Level 1  
  52  7:07  Terran Infantry Weapons Level 1  
  34  7:15  Marine  
  34  7:19  Marine  
  34  7:33  Marine  
  35  7:37  Marine  
  36  7:51  Marine  
  36  7:55  Marine  
  38  7:59  Planetary Fortress  
  35  8:09  Marine  
  32  8:13  Marine  
  31  8:20  Siege Tank  
  34  8:30  Marine  
  30  8:42  Siege Tank  
  30  8:48  Marine  
  30  8:53  Siege Tank  
  34  8:57  Terran Vehicle And Ship Armor Level 1  
  34  9:01  Terran Infantry Armor Level 1  
  33  9:06  Marine  
  28  9:24  Marine  
  28  9:28  SCV  
  30  9:40  SCV  
  31  9:51  Marine  
  31  9:52  SCV, Missile Turret  
  33  10:02  Barracks  
  33  10:04  SCV  
  34  10:09  Marauder  
  33  10:16  SCV  
  34  10:31  Marauder  
  26  10:51  Terran Ship Weapons Level 1  
  26  10:52  Marauder, Marine  
  26  11:02  Siege Tank  
  27  11:09  Marine  
  28  11:13  Marauder  
  30  11:27  Marine  
  31  11:35  Siege Tank  
  34  11:45  Marine  
  35  11:49  SCV  
  36  11:55  Refinery  
  36  12:00  Refinery  
  36  12:01  SCV  
  36  12:07  Barracks Tech Lab, Siege Tank  
  40  12:14  SCV  
  41  12:26  SCV  
  42  12:38  SCV  
  42  12:39  Siege Tank  
  42  12:43  Refinery  
  46  13:09  Missile Turret  
  46  13:23  Missile Turret  
  46  14:13  Missile Turret  
  46  14:14  Missile Turret  
  46  14:35  Terran Infantry Weapons Level 2  
  46  14:39  Terran Vehicle Weapons Level 2  
  46  14:44  Starport  
  46  14:48  Marauder  
  48  14:53  Marine  
  49  15:09  Marine  
  49  15:11  Marauder  
  49  15:13  Missile Turret  
  52  15:27  Marauder  
  50  15:32  Marine  
  39  15:48  Marine  
  38  15:51  Marauder  
  36  16:05  Refinery  
  36  16:06  Marauder  
  33  16:11  Marine  
  34  16:27  Marine  
  8  17:37  Command Center  
  1  18:58  SCV  
  2  19:10  SCV  
  3  19:23  SCV  
  4  19:28  Supply Depot  
  4  19:35  Engineering Bay, SCV  
  5  19:47  SCV  
  6  19:59  Barracks  
Tags
 
Add a new tag
Caveats
  • Supply blocks, unpowered buildings, or Contaminate may cause inaccurate times.
  • Supply counts are checked every 10 seconds.